AoeStats
← gyukii

Four Lakes

509647798Analyzed
1v1 RM · 6d ago on Sep 27, 2026· 43m 55s· 2 players
Game mode
Random Map
Map size
Tiny (2 player)
Population
200
Speed
Normal
Resources
Standard
Victory
Conquest
Starting age
Dark Age
Ending age
Imperial Age
RankedLock teamsTeams togetherTeam positionsShared explorationLock speedFull tech treeHidden civsTurbo modeCheats
Victory
Defeat
🇨🇳 Japanese · China
1174
+18
🇨🇦 Varangians · Canada
1208
-18
gyukii
6:11 Loom
9:58 Feudal Age
11:00 Double-Bit Axe
15:40 Town Watch
16:01 Gold Mining
18:18 Castle Age
16:40 Horse Collar
16:25 Man-at-Arms
19:29 Bow Saw
21:52 Fishing Lines
22:55 Long Swordsman
23:37 Pikeman
25:36 Squires
25:51 Scale Mail Armor
26:19 Forging
27:17 Gambesons
28:14 Wheelbarrow
28:45 Chain Mail Armor
30:32 Iron Casting
33:41 Hand Cart
38:49 Imperial Age
37:06 Stone Mining
37:53 Gold Shaft Mining
37:30 Heavy Plow
37:50 Gillnets
40:20 Plate Mail Armor
40:51 Blast Furnace
39:42 Fletching
40:57 Two-Man Saw
39:37 Capped Ram
41:09 Padded Archer Armor
43:28 Bodkin Arrow
43:38 Halberdier
Slawter
9:23 Loom
11:36 Feudal Age
14:34 Double-Bit Axe
15:43 Bloodlines
18:44 Horse Collar
21:57 Castle Age
20:41 Forging
22:00 Scale Barding Armor
22:24 Light Cavalry
23:47 Iron Casting
23:33 Chain Barding Armor
25:38 Gold Mining
26:35 Fletching
27:16 Bodkin Arrow
30:01 Wheelbarrow
31:29 Padded Archer Armor
33:37 Bow Saw
35:22 Hand Cart
38:03 Imperial Age
37:59 Heavy Plow
38:29 Leather Archer Armor
39:00 Hussar
39:41 Husbandry
40:59 Crop Rotation
41:53 Bracer
Connection lost

Rejoining the realm…

Still unreachable

The connection could not be restored.

Session expired

The server has moved on; the page needs a fresh start.